 Dungeon Crawl Stone Soup version 0.16-a0-4056-gee4db93 (webtiles) character file.

102 vatarom the Sneak (level 4, -2/23 HPs)
             Began as a Vine Stalker Assassin on Feb 20, 2015.
             Slain by a gnoll
             ... wielding a +0 club
              (3 damage)
             ... on level 3 of the Dungeon.
             The game lasted 00:03:09 (1689 turns).

vatarom the Sneak (Vine Stalker Assassin)           Turns: 1689, Time: 00:03:09

Health: -2/23      AC:  4    Str: 14    XL:     4   Next: 78%
Magic:  0/5        EV: 12    Int: 11    God:
Gold:   68         SH:  0    Dex: 16    Spells: 0 memorised, 3 levels left

rFire  . . .     SeeInvis .     a - +2 dagger
rCold  . . .     Clarity  .     c - +0 robe
rNeg   . . .     SustAb   .     (no shield)
rPois  .         Gourm    .     m - +0 helmet
rElec  .         Spirit   +     d - +0 cloak
rCorr  +         Warding  .     (no gloves)
rMut   .         Stasis   .     (no boots)
MR     .....                    o - amulet of resist corrosion
Stlth  ++++......               (no ring)
                                (no ring)

@: not resistant to hostile enchantments, stealthy
A: fangs 2, regeneration 1, magic shield, antimagic bite, no device heal 3, rot
immunity
a: no special abilities


You were on level 3 of the Dungeon.
You were not hungry.

You visited 1 branch of the dungeon, and saw 3 of its levels.

You collected 68 gold pieces.

Inventory:

Hand weapons
 a - a +2 dagger (weapon)
 b - a +0 blowgun
Missiles
 e - 22 poisoned needles
 f - 2 curare-tipped needles
Armour
 c - a +0 robe (worn)
 d - a +0 cloak (worn)
 m - a +0 helmet (worn)
Jewellery
 o - an amulet of resist corrosion (around neck)
Scrolls
 j - a scroll of identify
Potions
 i - a potion of curing {unknown}
 k - a potion of agility {unknown}
 n - a potion of invisibility {unknown}
Comestibles
 g - 3 bread rations
 h - a slice of pizza
 l - a beef jerky


   Skills:
 - Level 1.7 Fighting
 - Level 1.7 Short Blades
 - Level 1.7 Throwing
 + Level 2.0 Dodging
 - Level 6.8 Stealth


You had 3 spell levels left.
You didn't know any spells.

Dungeon Overview and Level Annotations

Branches:
Dungeon (3/15)

Altars:
Nemelex Xobeh
Trog
Zin


Innate Abilities, Weirdness & Mutations

You have extremely sharp teeth.
Your natural rate of healing is unusually fast.
When hurt, damage is shared between your health and your magic reserves.
Your bite disrupts and absorbs the magic of your enemies.
Potions and wands cannot restore your health.
You are immune to rotting.


Message History

The gnoll hits you with a spear.
* * * LOW HITPOINT WARNING * * *
Unknown command.
You barely miss the gnoll. You bite the gnoll. You drain its power.
You feel invigorated.
The gnoll is moderately wounded.
The gnoll misses you. The gnoll closely misses you.
The gnoll closely misses you.
Unknown command.
You hit the gnoll. Your bite misses the gnoll.
The gnoll is heavily wounded.
The gnoll hits you with a club.
* * * LOW HITPOINT WARNING * * *
The gnoll hits you from afar with a spear.
* * * LOW HITPOINT WARNING * * *
Unknown command.
You hit the gnoll.
The gnoll is severely wounded.
The gnoll hits you with a club.
You die...

#.......# ..........###
.........# #########.#
##.......############.###
....g.........<..........
........(.#......#####....
#....J.......# #.###
..).....#g#.#..#.# #.# #
.......#g#.#..#.# #.###
.......#@#.#..#.#####....
.......gg#.#..#.........#
.....####.#..######..#.#
..... #.#..# #..>.. #.#..
#.#..# #.##.# #>#..#
##.#.# #..# ##... ... ##.#
#######.#


You could see an ooze and 4 gnolls.

Vanquished Creatures
  A killer bee zombie (D:3)
  2 adders (D:2)
  2 giant mites
  A giant gecko (D:1)
  An ooze (D:2)
  4 goblins
  5 hobgoblins
  7 jackals (D:1)
  7 kobolds
  2 quokkas (D:3)
  10 bats
  2 giant newts
  7 rats
51 creatures vanquished.

Notes
Turn   | Place    | Note
--------------------------------------------------------------
     0 | D:1      | vatarom, the Vine Stalker Assassin, began the quest for the Orb.
     0 | D:1      | Reached XP level 1. HP: 11/11 MP: 1/1
    13 | D:1      | Reached skill level 5 in Stealth
    60 | D:1      | Reached XP level 2. HP: 2/15 MP: 3/3
   314 | D:1      | Reached skill level 6 in Stealth
   316 | D:1      | Reached XP level 3. HP: 7/18 MP: 2/4
  1008 | D:2      | Reached XP level 4. HP: 23/23 MP: 5/5
  1112 | D:2      | Reached skill level 1 in Dodging
  1181 | D:2      | Found a bloodstained altar of Trog.
  1242 | D:2      | Found a sparkling altar of Nemelex Xobeh.
  1243 | D:2      | Found a glowing silver altar of Zin.
  1688 | D:3      | HP: 1/23 [gnoll/spear (1)]
  1689 | D:3      | Slain by a gnoll

Action                   |  1- 3 |  4- 6 || total
-------------------------+-------+-------++-------
Melee: Dagger            |   112 |    35 ||   147
 Fire: Blowgun           |     6 |       ||     6
  Use: Scroll            |     4 |     2 ||     6
 Stab: Sleeping          |    11 |     3 ||    14
       Distracted        |     1 |       ||     1
  Eat: Bread ration      |       |     1 ||     1
